 Dungeon Crawl Stone Soup version 0.29.0-4-gdea44cf6ec (webtiles) character file.

Game seed: 11202766923450328967

1 qw the Sneak (level 1, -7/14 HPs)
             Began as a Gargoyle Delver on Sept 10, 2022.
             Killed from afar by an orc wizard (10 damage)
             ... with a puff of flame
             ... on level 4 of the Dungeon.
             The game lasted 00:00:03 (165 turns).

qw the Sneak (Gargoyle Delver)                       Turns: 165, Time: 00:00:03

Health: -7/14      AC:  5    Str: 15    XL:     1   Next: 20%
Magic:  1/1        EV: 11    Int: 10    God:
Gold:   0          SH:  0    Dex: 11    Spells: 0/0 levels left

rFire   . . .      SeeInvis .   a - +0 hand axe
rCold   . . .      Faith    .   (no shield)
rNeg    + . .      Spirit   .   b - +0 leather armour
rPois   inf        Reflect  .   (no helmet)
rElec   +          Harm     .   (no cloak)
rCorr   .          Rampage  .   (no gloves)
Will    .....                   (no boots)
Stlth   +++.......              (no amulet)
HPRegen 0.04/turn               (no ring)
MPRegen 0.07/turn               (no ring)

@: no status effects
A: sickness immunity, AC +2, negative energy resistance 1, electricity
resistance, torment resistance 1, petrification resistance
a: no special abilities


You were on level 4 of the Dungeon.
You visited 1 branch of the dungeon, and saw 2 of its levels.


Innate Abilities, Weirdness & Mutations

You are immune to sickness and miasma.
Your stone body is resilient. (AC +2)
You are immune to poison.
You resist negative energy. (rN+)
You are resistant to electric shocks. (rElec)
You are resistant to unholy torment.
You are immune to petrification.


   Skills:
 - Level 3.2 Fighting
 + Level 1.9 Axes
 - Level 1.5 Dodging
 - Level 5.4 Stealth


You couldn't memorise any spells.
You didn't know any spells.
Your spell library was empty.

Inventory:

Hand Weapons
 a - a +0 hand axe (weapon)
Armour
 b - a +0 leather armour (worn)
Wands
 g - a wand of digging (3)
Potions
 f - a potion of haste

Dungeon Overview and Level Annotations

Branches:
Dungeon (5/15)
 Temple: D:4-7

Altars:

Shops:
D:4 =


Message History

You climb upwards.
The goblin shouts!
The hound barks!
The orc shouts!
Found a robe and 7 stones.
Found a stone staircase leading up.
There is a stone staircase leading down here.
There are monsters nearby!
Existing waypoints: (2) D:5 Assign waypoint to what number? (0-9, D - delete waypoint) Waypoint 1 assigned to D:4.
Enter note: The goblin unwields a +0 dagger.
The goblin wields a +0 sling.
The goblin shoots a sling bullet.
The sling bullet barely misses you.
The orc throws a boomerang.
The boomerang misses you.
You closely miss the hound. The hound bites you but does no damage.
The orc throws a boomerang.
The boomerang barely misses you.
An orc wizard comes into view. It is wielding a +0 dagger.
An adder comes into view.
The adder hisses angrily.
The orc wizard shouts!
You hit the hound.
The hound is lightly wounded.
The hound bites you. x2; The orc throws a boomerang.
The boomerang hits you.
An orc comes into view. It is wielding a +0 hand axe.
You barely miss the hound.
The hound is lightly wounded.
The hound bites you.
The orc throws a boomerang.
The boomerang misses you. The hound bites you but does no damage.
The orc shouts!
You hit the hound.
The hound is lightly wounded.
The hound barely misses you.
The orc throws a boomerang.
The boomerang hits you. The hound bites you but does no damage.
You closely miss the hound.
The hound is lightly wounded.
The orc wizard casts a spell at you. The magic dart hits you.
The hound bites you but does no damage.
The orc wizard points at you and mumbles some strange words.
The puff of flame hits you!
Ouch! That really hurt!
You die...

...#..#.. .
#..8...... ..
##......... ..
##.........#....
##.....@.......
.........8h......
......##..g......
..#.## ..........
. #. #.(........
. ..........# .
............
.........###.


You could see a hound, an orc wizard, 2 orcs and a goblin.

Vanquished Creatures
  A quokka (D:5)
1 creature vanquished.

Notes
Turn   | Place    | Note
-------+----------+-------------------------------------------
     0 | D:5      | qw the Gargoyle Delver began the quest for the Orb.
     0 | D:5      | Reached XP level 1. HP: 14/14 MP: 1/1
     0 | D:5      | 0 ||| qw: Version: 0.1-a-116-g5d60599
     0 | D:5      | 0 ||| qw: Game counter: 7985
     0 | D:5      | 0 ||| qw: Always use a shield: true
     0 | D:5      | 0 ||| qw: God list: Okawaru
     0 | D:5      | 0 ||| qw: Allow faded altars: false
     0 | D:5      | 0 ||| qw: Do Orc after D:15 true
     0 | D:5      | 0 ||| qw: Do second Lair branch before Depths: true
     0 | D:5      | 0 ||| qw: Lair rune preference: random
     0 | D:5      | 0 ||| qw: Plans: Normal
     0 | D:5      | 0 ||| PLANNING D:1-11
   150 | D:5      | 150 ||| DROPPING scroll of fog.
   151 | D:5      | 151 ||| DROPPING scroll of magic mapping.
   152 | D:5      | 152 ||| DROPPING scroll of fear.
   158 | D:4      | Noticed a hound
   158 | D:4      | Found Waang's Jewellery Emporium.
   161 | D:4      | Noticed an orc wizard
   165 | D:4      | HP: 3/14 [orc wizard/magic dart (5)]
   165 | D:4      | Killed from afar by an orc wizard

Levels and vault maps discovered:
D:4:      layout_cave_pools, hex_large, nicolae_stop_n_shop_1,
          grunt_ministairs_15, uniq_robin, uniq_duvessa
D:5:      layout_basic, uniq_sigmund

Action                   || total
-------------------------++-------
Melee: Hand axe          ||     8
Armor: Leather armour    ||     5
Dodge: Dodged            ||     6

Table legend:
 A = Non-vault XP
 B = Vault XP
 C = Vault XP percentage of total XP
 D = Non-vault monster count
 E = Vault monster count
 F = Vault count percentage of total count
                 A         B        C        D         E       F
            +---------+---------+-------+---------+---------+-------
      Total |       2 |       0 |   0.0 |       1 |       0 |   0.0
            +---------+---------+-------+---------+---------+-------
        D:5 |       2 |       0 |   0.0 |       1 |       0 |   0.0
            +---------+---------+-------+---------+---------+-------
